 Dungeon Crawl Stone Soup version 0.31-a0-971-g75a2e9a4b4 (webtiles) character file.

Game seed: 11537690362196743751

6 Azuregosa the Sneak (level 1, -4/16 HPs)
             Began as an Octopode Delver on Oct 28, 2023.
             Killed from afar by an orc wizard (9 damage)
             ... with a puff of flame
             ... on level 5 of the Dungeon.
             The game lasted 00:01:21 (82 turns).

Azuregosa the Sneak (Octopode Delver)                 Turns: 82, Time: 00:01:21

Health: -4/16      AC:  1    Str: 11    XL:     1   Next: 90%
Magic:  1/1        EV: 13    Int: 12    God:
Gold:   0          SH:  0    Dex: 13    Spells: 0/0 levels left

rFire   . . .        a - +0 mace
rCold   . . .        (no shield)
rNeg    . . .        (helmet restricted)
rPois   .            (no amulet)
rElec   .            (no ring)
rCorr   .            (no ring)
SInv    .            (no ring)
Will    .....        (no ring)
Stlth   ++++         (no ring)
HPRegen 0.22/turn    (no ring)
MPRegen 0.07/turn    (no ring)
                     (no ring)

%: no passive effects
@: no status effects
A: almost no armour, amphibious, 8 rings, camouflage 1, gelatinous body 1,
(nimble swimmer 1), tentacles
a: no special abilities


You were on level 5 of the Dungeon.
You visited 1 branch of the dungeon, and saw 1 of its levels.

Inventory:

Hand Weapons
 a - a +0 mace (weapon)
Missiles
 c - a boomerang
 g - 2 poisoned darts
Wands
 f - a wand of digging (3)
Scrolls
 b - a scroll of fog
 d - a scroll of fear
Potions
 e - a potion of haste


   Skills:
 + Level 3.4 Fighting
 - Level 2.0 Maces & Flails
 - Level 2.0 Dodging
 - Level 6.6 Stealth


You couldn't memorise any spells.
You didn't know any spells.
Your spell library was empty.

Dungeon Overview and Level Annotations

Branches:
Dungeon (5/15)
 Temple: D:4-7

Altars:
Cheibriados


Innate Abilities, Weirdness & Mutations

You cannot wear most types of armour.
You are amphibious.
You can wear up to eight rings at the same time.
Your skin changes colour to match your surroundings (Stealth+).
Your rubbery body absorbs attacks. (AC +1, EV +1)
((You are camouflaged when in or above water. (Stealth+)))
You have tentacles for arms and can constrict up to eight enemies at once.


Message History

You barely miss the orc. You grab the orc. You constrict the orc.
The orc hits you with a +0 club. x2
You hit the orc.
The orc is heavily wounded.
You constrict the orc. The orc misses you.
You hit the orc.
You kill the orc!
You start resting.
HP restored.
Things that are here:
a +0 club; a +0 dagger; a boomerang You see here a +0 war axe.
Things that are here:
a +0 club; a +0 dagger; a boomerang
c - a boomerang
Found 2 poisoned darts.
An ice beast comes into view.
You see here 2 poisoned darts.
g - 2 poisoned darts An orc wizard comes into view.
It is wielding a +0 dagger.
An orc wizard comes into view. It is wielding a +0 dagger.
An orc wizard comes into view. It is wielding a +0 dagger.
Found a whip.
An orc comes into view. It is wielding a +0 flail.
Found a scroll labelled UWONIKIERU.
The orc wizard shouts! x2
The orc wizard mumbles some strange words.
The orc wizard flickers and vanishes!
Deactivating autopickup; reactivate with Ctrl-A.
A magic dart appears from out of thin air!
The magic dart hits you!
Something enters a dispersal trap!
The orc blinks!
The ice beast blinks!
The orc wizard blinks!
The orc blinks!
The orc wizard blinks!
You blink.
The orc wizard enters a dispersal trap!
You blink.
The orc wizard hits you with a +0 dagger.
You hear some strange, mumbled words.
A puff of flame appears from out of thin air!
The puff of flame hits you!
Ouch! That really hurt!
You die...

,,,.#####.#####..##*****
,......##.#####....,,,,*
,...##.##.######.##***,*
*#.###.##.######.## *,*
*#.###..#.######.## *,*
##.##.#.#........## *,*
....#.._..).###..## *,*
*#..#.#.#..>..#..#####.#
#).........§o.o@.{....#
#)##.#####...#.########
#.##.#####..o#.###****
#.##.#####........,,,*
#.##.##...#..#.###**,*
##.........#..#.### *,*
...#......§.....###**,**
##.#.###..##§o###***<*,*****
#...# #..§....oo,,,***,,,,*


You could see an orc wizard and an orc.

Vanquished Creatures
  3 orcs (D:5)
3 creatures vanquished.

Notes
Turn   | Place    | Note
-------+----------+-------------------------------------------
     0 | D:5      | Azuregosa the Octopode Delver began the quest for the Orb.
     0 | D:5      | Reached XP level 1. HP: 16/16 MP: 1/1
    69 | D:5      | Noticed an ice beast
    75 | D:5      | Noticed an orc wizard
    76 | D:5      | Noticed an orc wizard
    77 | D:5      | Noticed an orc wizard
    82 | D:5      | Killed from afar by an orc wizard

Illustrated notes

Levels and vault maps discovered:
D:5:      layout_loops_ring, zin_angel, lemuel_crystal_altar,
          minmay_diced_spiral

Action                     || total
---------------------------++-------
  Melee: Mace              ||     6
         Constrict         ||     2
         Punch             ||     1
         Tentacles         ||     1
    Use: Scroll            ||     1
   Stab: Sleeping          ||     2
 Armour: Skin              ||     6
  Dodge: Dodged            ||     1

Table legend: (Time is in decaauts)
 A = Elapsed time spent in this place.
 B = Non-inter-level travel time spent in this place.
 C = Inter-level travel time spent in this place.
 D = Time resting spent in this place.
 E = Time spent auto-exploring this place.
 F = Levels seen in this place.
 G = Mean time per level.
                   A        B        C        D        E       F      G
               +--------+--------+--------+--------+--------+-----+--------+
         Total |     83 |     83 |      0 |     43 |      2 |   1 |   83.0 |
       Dungeon |     83 |     83 |      0 |     43 |      2 |   1 |   83.0 |
               +--------+--------+--------+--------+--------+-----+--------+

Top non-repeatable levels by time:
     D:5: 83 daAuts
